 Dungeon Crawl Stone Soup version 0.23.2-33-g5129a83184 (webtiles) character file.

Game seed: 13096338463270288371

452 H0rd4k the Thaumaturge (level 6, -3/33 HPs)
             Began as a Deep Elf Wizard on July 3, 2019.
             Slain by a bullfrog skeleton (4 damage)
             ... on level 6 of the Dungeon.
             The game lasted 00:09:19 (4726 turns).

H0rd4k the Thaumaturge (Deep Elf Wizard)            Turns: 4726, Time: 00:09:19

Health: -3/33      AC:  2    Str:  4    XL:     6   Next: 75%
Magic:  25/28      EV: 13    Int: 28    God:
Gold:   121        SH:  0    Dex: 13    Spells: 15/21 levels left

rFire    . . .     SeeInvis .   s - +2 dagger (venom)
rCold    . . .     Gourm    .   (no shield)
rNeg     . . .     Faith    .   a - +0 robe
rPois    .         Spirit   .   b - +0 hat
rElec    .         Reflect  .   (no cloak)
rCorr    .         Harm     .   (no gloves)
MR       .....                  (no boots)
Stlth    ++........             (no amulet)
HPRegen  0.11/turn              k - +3 ring of intelligence
MPRegen  0.21/turn              v - ring of magical power

@: no status effects
A: no striking features
a: no special abilities


You were on level 6 of the Dungeon.
You were not hungry.

You visited 1 branch of the dungeon, and saw 6 of its levels.

You collected 247 gold pieces.
You spent 126 gold pieces at shops.

Inventory:

Hand Weapons
 s - a +2 dagger of venom (weapon)
Armour
 a - a +0 robe (worn)
 b - a +0 hat (worn)
Magical Staves
 o - an uncursed staff of cold
Jewellery
 k - a +3 ring of intelligence (left hand)
 m - an uncursed ring of stealth
 v - a ring of magical power (right hand)
Wands
 q - a wand of polymorph (5)
Scrolls
 c - 5 scrolls of teleportation
 e - 2 scrolls of identify {unknown}
 g - 3 scrolls of magic mapping {unknown}
 h - 3 scrolls of blinking
 j - a scroll of enchant armour {unknown}
 l - 3 scrolls of amnesia {unknown}
 n - 5 scrolls of remove curse {unknown}
 p - a scroll of fear {unknown}
 r - a scroll of fog {unknown}
Potions
 f - a potion of curing {unknown}
 i - a potion of invisibility {unknown}
 t - a potion of degeneration {unknown}
 w - a potion of lignification {unknown}
Comestibles
 d - 8 rations
 u - a chunk of flesh


   Skills:
 + Level 0.5 Fighting
 + Level 2.8 Dodging
 + Level 3.8 Stealth
 + Level 8.0 Spellcasting
 + Level 4.3 Conjurations
   Level 1.1 Summonings
 + Level 1.1 Translocations
 + Level 0.5 Fire Magic


You had 15 spell levels left.
You knew the following spells:

 Your Spells              Type           Power        Failure   Level  Hunger
a - Magic Dart            Conj           ####         1%          1    None
b - Blink                 Tloc           N/A          4%          2    None
c - Conjure Flame         Conj/Fire      ###.....     5%          3    None

Your spell library contained the following spells:

 Spells                   Type           Power        Failure   Level  Hunger
 Call Imp                 Summ           ###.....     4%          2    None
 Slow                     Hex            ##......     8%          2    None
 Mephitic Cloud           Conj/Pois/Air  ###.....     9%          3    None


Dungeon Overview and Level Annotations

Branches:
Dungeon (6/15)             Temple (0/1) D:5

Altars:
Elyvilon
Okawaru
Ru
Xom

Shops:
D:4 ??

Annotations:
D:3 exclusion: downstairs
D:5 Eustachio


Message History

You hear the hiss of flowing sand.
There is an entrance to an ossuary on this level.
Hurry and find it before the portal is buried!
You hear the hiss of a distant avalanche of sand.
The bullfrog skeleton hits you.
The ogre hits you with a +0 giant club!!
Ouch! That really hurt!
The bullfrog skeleton hits you.
There is a stone staircase leading up, spattered with blood here.
Casting: Magic Dart (safe; 1% risk of failure)
Confirm with . or Enter, or press ? or * to list all spells.
You blink.
The bullfrog skeleton hits you.
* * * LOW HITPOINT WARNING * * *
You see here an adder skeleton.
Casting: Blink (safe; 4% risk of failure)
Confirm with . or Enter, or press ? or * to list all spells.
You blink.
The ogre misses you. The bullfrog skeleton hits you.
* * * LOW HITPOINT WARNING * * *
The bullfrog skeleton hits you.
You die...

#. #.##...#.#......
#.###.##...#.≈.≈.≈..#
#..............≈≈....Z
###...###.####.≈....##
#÷### #... .........
#.## ####.....#####
#..## .. ##..Z#### .
#...O@..+ ##...####
#.<## #.## #.# #.# #..
###


You could see an ogre and a bullfrog skeleton.

Vanquished Creatures
  An ogre (D:6)
  A bullfrog zombie (D:5)
  A hound (D:5)
  An orc wizard (D:5)
  A centaur skeleton (D:6)
  An iguana (D:5)
  Robin (D:3)
  6 adders
  2 oozes
  An adder zombie (D:5)
  2 adder skeletons
  3 worms
  A dart slug (D:1)
  4 leopard geckos
  17 orcs
  2 ball pythons
  5 giant cockroaches
  17 goblins
  9 hobgoblins
  7 jackals
  12 kobolds
  3 quokkas
  3 bats
  3 frilled lizards
  A leopard gecko skeleton (D:5)
  7 rats
112 creatures vanquished.

Vanquished Creatures (others)
  A plant (D:1)
1 creature vanquished.

Grand Total: 113 creatures vanquished

Notes
Turn   | Place    | Note
-------+----------+-------------------------------------------
     0 | D:1      | H0rd4k the Deep Elf Wizard began the quest for the Orb.
     0 | D:1      | Reached XP level 1. HP: 10/10 MP: 7/7
   168 | D:1      | Reached skill level 5 in Spellcasting
   168 | D:1      | Reached XP level 2. HP: 4/15 MP: 0/10
   835 | D:2      | Reached XP level 3. HP: 19/19 MP: 6/11
   839 | D:2      | Learned a level 2 spell: Blink
   843 | D:2      | Learned a level 3 spell: Conjure Flame
  1004 | D:2      | Found an iron altar of Okawaru.
  1036 | D:2      | Found a shimmering altar of Xom.
  1389 | D:2      | You fall through a shaft!
  1894 | D:3      | Reached skill level 6 in Spellcasting
  1936 | D:3      | Reached XP level 4. HP: 22/24 MP: 1/14
  2248 | D:3      | Noticed Robin
  2553 | D:3      | Killed Robin
  3010 | D:4      | Found Vogenor's Magic Scroll Shoppe.
  3014 | D:4      | Found Danim's Magic Scroll Shop.
  3017 | D:4      | Bought a scroll of blinking for 90 gold pieces
  3017 | D:4      | Bought a scroll of teleportation for 36 gold pieces
  3029 | D:4      | Reached XP level 5. HP: 28/28 MP: 11/16
  3325 | D:5      | Entered Level 5 of the Dungeon
  3350 | D:5      | Found a sacrificial altar of Ru.
  3505 | D:5      | Noticed Eustachio
  3529 | D:5      | Reached skill level 7 in Spellcasting
  3821 | D:5      | Reached XP level 6. HP: 33/33 MP: 6/18
  4263 | D:5      | Found a white marble altar of Elyvilon.
  4514 | D:5      | Found a staircase to the Ecumenical Temple.
  4608 | D:6      | Reached skill level 8 in Spellcasting
  4724 | D:6      | HP: 1/33 [bullfrog skeleton (6)]
  4726 | D:6      | Slain by a bullfrog skeleton

Skill      XL: |  1  2  3  4  5  6 |
---------------+-------------------+-----
Spellcasting   | 5 6 7 8 |  8.0
Conjurations   | 2 3 4 |  4.3
Stealth        | 3 |  3.8
Fighting       | |  0.5
Dodging        | |  2.8
Summonings     | |  1.1
Translocations | |  1.1
Fire Magic     | |  0.5

Action                   |  1- 3 |  4- 6 || total
-------------------------+-------+-------++-------
Melee: Unarmed           |     5 |       ||     5
 Cast: Magic Dart        |   115 |   177 ||   292
       Conjure Flame     |       |     5 ||     5
       Blink             |       |     2 ||     2
  Eat: Chunk             |     3 |     5 ||     8
       Ration            |       |     1 ||     1
Armor: Robe              |       |     4 ||     4
Dodge: Dodged            |    11 |    20 ||    31
